 Dungeon Crawl Stone Soup version 0.29-a0-557-g43b9904bd1 (webtiles) character file.

Game seed: 3778651820069495303

3243 happo123 the Covert (level 9, -3/52 HPs)
             Began as a Vampire Enchanter on June 8, 2022.
             Was a Follower of Wu Jian.
             Slain by a fire elemental (8 damage)
             ... summoned by a deep elf pyromancer
             ... on level 7 of the Dungeon.
             The game lasted 00:34:16 (6527 turns).

happo123 the Covert (Vampire Enchanter)             Turns: 6527, Time: 00:34:17

Health: -3/52      AC: 11    Str:  9    XL:     9   Next: 67%
Magic:  2/15       EV: 12    Int: 22    God:    Wu Jian [*.....]
Gold:   258        SH:  0    Dex: 14    Spells: 4/16 levels left

rFire   . . .      SeeInvis +   f - +2 dagger (protect)
rCold   + + .      Faith    .   (no shield)
rNeg    + + +      Spirit   .   n - +5 ring mail of Charmed Happiness {Rampage *Slow rPois Str+2}
rPois   ∞          Reflect  .   o - +0 hat
rElec   .          Harm     .   (no cloak)
rCorr   .          Rampage  +   C - +0 pair of gloves
Will    .....                   (no boots)
Stlth   ++++++....              A - amulet of regeneration
HPRegen 0.00/turn               (no ring)
MPRegen 0.14/turn               (no ring)

@: confusing by touch, bloodless, inhibited regen
A: bloodless, fangs 3, see invisible, vampiric 2
a: Bat Form, Revivify, Renounce Religion


You were on level 7 of the Dungeon.
You worshipped Wu Jian.
Wu Jian was aware of your devotion.
You visited 2 branches of the dungeon, and saw 8 of its levels.
You also visited: Ossuary.

You collected 258 gold pieces.

Inventory:

Hand Weapons
 a - a +1 dagger
 f - a +2 dagger of protection (weapon)
Missiles
 D - 2 throwing nets
Armour
 b - a +0 robe
 n - the +5 ring mail of Charmed Happiness (worn) {Rampage *Slow rPois Str+2}
   (You found it on level 2 of the Dungeon)

   Str:       It affects your strength (+2).
   rPois:     It protects you from poison.
   *Slow:     It may slow you when you take damage.
   Rampage:   It bestows one free step when moving towards enemies.
 o - a +0 hat (worn)
 y - a +1 kite shield of fire resistance
 C - a +0 pair of gloves (worn)
Jewellery
 k - a ring of poison resistance
 A - an amulet of regeneration (around neck)
Wands
 q - a wand of iceblast (9)
 B - a wand of digging (5)
Scrolls
 d - 2 scrolls of identify
 e - 3 scrolls of fear
 g - 2 scrolls of immolation
 m - 3 scrolls of teleportation
 p - 2 scrolls of magic mapping
 r - a scroll of enchant weapon
 s - a scroll of silence
 x - a scroll of blinking
 E - a scroll of amnesia
 G - a scroll of enchant armour
Potions
 c - 4 potions of invisibility
 h - 2 potions of lignification {unknown}
 i - a potion of attraction {unknown}
 j - 4 potions of heal wounds
 l - 3 potions of curing
 t - 2 potions of ambrosia
 u - 2 potions of flight
 v - 3 potions of haste
 w - 2 potions of degeneration
 z - a potion of resistance {unknown}
 F - a potion of berserk rage {unknown}
 H - a potion of mutation {unknown}


   Skills:
 + Level 3.7 Fighting
 + Level 4.7 Short Blades
 + Level 3.2 Armour
 + Level 5.1 Dodging
 * Level 10.5 Stealth
 + Level 4.3 Spellcasting
 * Level 9.9 Hexes
 + Level 3.9 Ice Magic


You had 4 spell levels left.
You knew the following spells:

 Your Spells              Type           Power      Damage    Failure   Level
a - Ensorcelled Hibernat  Hex/Ice        70%        N/A       2%          2
b - Confusing Touch       Hex            48%        N/A       1%          3
c - Tukima's Dance        Hex            48%        N/A       1%          3
d - Cause Fear            Hex            24%        N/A       4%          4

Your spell library contained the following spells:

 Spells                   Type           Power      Damage    Failure   Level
 Dazzling Flash           Conj/Hex       52%        N/A       11%         3
 Inner Flame              Hex/Fire       26%        N/A       11%         3
 Sandblast                Erth           8%         2d5       28%         1
 Iskenderun's Mystic Bla  Conj/Tloc      4%         2d3       95%         4
 Discord                  Hex            24%        N/A       100%        8
 Lehudib's Crystal Spear  Conj/Erth      2%         10d2      100%        8


Dungeon Overview and Level Annotations

Branches:
Dungeon (7/15)             Temple (1/1) D:7         Ossuary (visited)

Altars:
Ashenzari
Cheibriados
Dithmenos
Elyvilon
Fedhas
Gozag
Hepliaklqana
Kikubaaqudgha
Makhleb
Nemelex Xobeh
Okawaru
Qazlal
Ru
Sif Muna
Trog
Uskayaw
Vehumet
Wu Jian
Xom
Yredelemnul
Zin
The Shining One

Shops:
D:3 =   D:5 =   D:7 :


Innate Abilities, Weirdness & Mutations

You do not regenerate when monsters are visible.
You are frail without blood (-20% HP).
You can heal yourself when you bite living creatures.
You are immune to poison.
You have razor-sharp teeth.
You have supernaturally acute eyesight. (SInv)
You are afflicted with vampirism and can become a bat while bloodless.


Message History

Your weapon exudes an aura of protection.
The gargoyle is lightly damaged.
The gargoyle closely misses you.
You hit the gargoyle but do no damage.
You bite the gargoyle, but do no damage.
You hit the gargoyle but do no damage.
You bite the gargoyle, but do no damage.
The gargoyle hits you but does no damage.
The gargoyle hits itself with a +0 mace.
You hit the gargoyle but do no damage.
You bite the gargoyle, but do no damage.
The gargoyle is lightly damaged.
A deep elf pyromancer comes into view.
It is wielding a +0 rapier and wearing a +2 leather armour of poison resistance.
The deep elf pyromancer shouts!
You hit the gargoyle but do no damage.
The gargoyle is lightly damaged.
The gargoyle hits you with a +0 mace!
Casting: Confusing Touch (safe; 1% risk of failure)
Confirm with . or Enter, or press ? or * to list all spells.
Your hands begin to glow red.
The gargoyle closely misses you.
The deep elf pyromancer hits you but does no damage.
You hit the deep elf pyromancer but do no damage.
You hit the deep elf pyromancer but do no damage.
The deep elf pyromancer hits you with a +0 rapier.
You hit the deep elf pyromancer but do no damage.
You bite the deep elf pyromancer, but do no damage.
The gargoyle misses you.
The deep elf pyromancer gestures wildly while chanting.
You closely miss the deep elf pyromancer.
The deep elf pyromancer points at you and mumbles some strange words.
The bolt of fire hits you!
* * * LOW HITPOINT WARNING * * *
The gargoyle closely misses you.
The gargoyle hits itself with a +0 mace.
You hit the deep elf pyromancer but do no damage.
You spin and attack the gargoyle.
You hit the gargoyle but do no damage. Your bite misses the gargoyle.
The gargoyle is moderately damaged.
The fire elemental hits you. The fire elemental burns you!
You die...

#................P≈≈≈..#
#..........####....≈...#
###......†.# #.###..###
#..###...# #. #.##
#.#..###... # ...
#.#)##.###..
#.#....#E###..
#.###).#9e.###
#.#....@E#...#
#.###..#.○○#
#.#....#.### #.##[### #.
### #


You could see a deep elf pyromancer, 2 fire elementals and a gargoyle
(confused).

Vanquished Creatures
  Grinder (D:4)
  2 wyverns (D:7)
  Edmund (D:6)
  Menkaure (Ossuary)
  A water moccasin (D:7)
  2 black bears (D:4)
  A sky beast (D:7)
  An orc warrior (D:7)
  An ice beast (D:5)
  3 ogres
  A phantom (D:5)
  A kobold brigand (D:7)
  3 scorpions (D:5)
  A bullfrog (D:7)
  3 necrophages
  A wyvern zombie (D:7)
  2 wights (D:7)
  A howler monkey (D:7)
  A bullfrog zombie (D:7)
  2 jellies
  2 hounds
  An orc priest (D:3)
  6 iguanas
  5 orc wizards
  4 mummies
  12 gnolls
  7 adders
  2 white imps
  4 worms
  3 dart slugs
  25 orcs
  A bat (D:1)
  3 endoplasms
  3 giant cockroaches
  2 gnoll zombies (Ossuary)
  4 goblins
  6 hobgoblins
  8 jackals (D:2)
  5 kobolds
  2 quokkas
  7 ball pythons
  4 frilled lizards
  4 gnoll skeletons (Ossuary)
  3 goblin skeletons (Ossuary)
  5 goblin zombies (Ossuary)
  3 hobgoblin skeletons (Ossuary)
  5 hobgoblin zombies (Ossuary)
  3 kobold skeletons (Ossuary)
  4 kobold zombies (Ossuary)
  5 orc skeletons (Ossuary)
  6 orc zombies (Ossuary)
  7 rats
  7 rat skeletons (Ossuary)
  3 rat zombies (Ossuary)
201 creatures vanquished.

Vanquished Creatures (collateral kills)
  A wight (D:7)
1 creature vanquished.

Vanquished Creatures (others)
  A withered plant (D:7)
1 creature vanquished.

Grand Total: 203 creatures vanquished

Notes
Turn   | Place    | Note
-------+----------+-------------------------------------------
     0 | D:1      | happo123 the Vampire Enchanter began the quest for the Orb.
     0 | D:1      | Reached XP level 1. HP: 13/13 MP: 3/3
   103 | D:1      | Reached XP level 2. HP: 19/19 MP: 5/5
   112 | D:1      | Learned a level 2 spell: Ensorcelled Hibernation
   198 | D:1      | Got Yleuts's Reference Book on the Ashen Compass
   423 | D:2      | Reached skill level 5 in Stealth
   423 | D:2      | Gained mutation: You are afflicted with vampirism and can
                  | become a bat while bloodless. [Vampire growth]
   423 | D:2      | Reached XP level 3. HP: 18/20 MP: 3/6
   694 | D:2      | Reached skill level 5 in Hexes
  1175 | D:2      | Reached XP level 4. HP: 17/24 MP: 0/7
  1264 | D:2      | Identified the +5 ring mail of Charmed Happiness {Rampage
                  | *Slow rPois Str+2}
  1339 | D:2      | Identified the +2 quarterstaff "Jeddes" {speed, Int+4}
  1856 | D:3      | Reached skill level 1 in Fighting
  1856 | D:3      | Reached skill level 1 in Ice Magic
  1875 | D:3      | Reached XP level 5. HP: 29/29 MP: 3/8
  1989 | D:3      | Identified the +5 ring mail of Trumpets {Harm *Slow rElec
                  | rC++}
  1996 | D:3      | Reached skill level 6 in Stealth
  2221 | D:3      | Found Soh Mept's Jewellery Shop.
  2546 | D:4      | Found a sand-covered staircase.
  2547 | D:4      | Noticed a black bear
  2555 | D:4      | Killed a black bear
  2556 | D:4      | Reached skill level 1 in Armour
  2556 | D:4      | Reached XP level 6. HP: 34/34 MP: 0/10
  2635 | Ossuary  | Entered an ossuary
  2644 | Ossuary  | Learned a level 3 spell: Confusing Touch
  2648 | Ossuary  | Learned a level 3 spell: Tukima's Dance
  3035 | Ossuary  | Noticed Menkaure
  3081 | Ossuary  | Killed Menkaure
  3086 | Ossuary  | Reached XP level 7. HP: 19/39 MP: 0/11
  3284 | Ossuary  | Reached skill level 7 in Stealth
  3600 | D:4      | Noticed Grinder
  3605 | D:4      | Killed Grinder
  3879 | D:5      | Entered Level 5 of the Dungeon
  3981 | D:5      | Reached XP level 8. HP: 45/45 MP: 12/12
  4001 | D:5      | Reached skill level 8 in Stealth
  4109 | D:5      | Found Jouso's Jewellery Emporium.
  4931 | D:6      | Reached skill level 9 in Stealth
  5002 | D:6      | Noticed Edmund
  5017 | D:6      | Killed Edmund
  5621 | D:6      | Learned a level 4 spell: Cause Fear
  5622 | D:7      | Found Bangu's Book Boutique.
  5625 | D:7      | Reached XP level 9. HP: 50/50 MP: 14/14
  5791 | D:7      | Found a staircase to the Ecumenical Temple.
  5799 | Temple   | Entered the Ecumenical Temple
  5897 | Temple   | Became a worshipper of the Wu Jian Council
  6201 | D:7      | Reached skill level 10 in Stealth
  6467 | D:7      | Reached skill level 5 in Dodging
  6485 | D:7      | Reached * piety under Wu Jian
  6504 | D:7      | Noticed a gargoyle
  6519 | D:7      | Noticed a deep elf pyromancer
  6527 | D:7      | Slain by a fire elemental

Illustrated notes

Levels and vault maps discovered:
D:1:      eino_arrival_water_star, layout_rooms, nrook_mini_vaults
D:2:      layout_basic, serial_aquarium, aquarium_bridge_square
          [aquarium_subvault_bridge, aquarium_subvault_balcony,
          aquarium_subvault_window, aquarium_subvault_wall], aquarium_window_1,
          aquarium_window_fake, aquarium_window_1, aquarium_window_2,
          aquarium_view_2b, aquarium_pool_1, minmay_nonomino_d4
D:3:      layout_loops_corners, serial_shops, nicolae_shop_advertising_works
          [nicolae_subvault_shop_adworks], minmay_misc_feat_rows
D:4:      layout_cave_pools, tso_metal_star, nicolae_ossuary_entry_monument,
          uniq_grinder
D:5:      layout_basic, serial_shops, nicolae_square_shop, dk_noncrumbling_2
D:6:      layout_loops_cross, uniq_edmund
D:7:      minmay_the_grid_triangle_9x9_recursive_2
          [minmay_the_grid_triangle_9x9_prize_schism,
          minmay_the_grid_triangle_9x9_swiss_cheese,
          minmay_the_grid_triangle_9x9_alien,
          minmay_the_grid_triangle_9x9_fully_insulated_deathbox], layout_basic,
          minmay_temple_entry_waves, serial_shops, shop, serial_undead,
          serial_undead_d, serial_undead_f, serial_undead_d, serial_undead_f,
          serial_undead_d, serial_undead_d, serial_undead_d,
          uniq_crazy_yiuf_cottage
Temple:   mainiacjoe_temple_hex_bubbles

Skill      XL: |  1  2  3  4  5  6  7  8  9 |
---------------+----------------------------+-----
Stealth        | 5 6 7 9 10 | 10.5
Hexes          | 5 6 7 8 9 |  9.9
Fighting       | 1 2 3 |  3.7
Ice Magic      | 1 2 3 |  3.9
Short Blades   | 2 3 4 |  4.7
Armour         | 1 2 3 |  3.2
Dodging        | 3 4 5 |  5.1
Spellcasting   | 3 4 |  4.3

Action                   |  1- 3 |  4- 6 |  7- 9 || total
-------------------------+-------+-------+-------++-------
Melee: Dagger            |    77 |   272 |   262 ||   611
       Bite              |     5 |    31 |    30 ||    66
       Punch             |     2 |     3 |       ||     5
 Cast: Ensorcelled Hiber |     8 |    17 |    49 ||    74
       Confusing Touch   |       |     4 |    11 ||    15
       Tukima's Dance    |       |       |     1 ||     1
Invok: Whirlwind         |       |       |     1 ||     1
 Abil: Exsanguinate      |     1 |       |       ||     1
  Use: Scroll            |       |     4 |    11 ||    15
 Stab: Sleeping          |    24 |    26 |    52 ||   102
       Confused          |       |     3 |    10 ||    13
       Distracted        |       |       |     3 ||     3
Armor: Robe              |    18 |       |       ||    18
       Ring mail         |       |    90 |    93 ||   183
Dodge: Dodged            |    33 |   112 |   103 ||   248

Table legend: (Time is in decaauts)
 A = Elapsed time spent in this place.
 B = Non-inter-level travel time spent in this place.
 C = Inter-level travel time spent in this place.
 D = Time resting spent in this place.
 E = Time spent auto-exploring this place.
 F = Levels seen in this place.
 G = Mean time per level.
                   A        B        C        D        E       F      G
               +--------+--------+--------+--------+--------+-----+--------+
         Total |   6443 |   6042 |    401 |    421 |   4045 |   9 |  715.9 |
       Dungeon |   5492 |   5140 |    352 |    199 |   3815 |   7 |  784.6 |
        Temple |    285 |    236 |     49 |      0 |    230 |   1 |  285.0 |
       Ossuary |    665 |    665 |      0 |    222 |      0 |   1 |  665.0 |
               +--------+--------+--------+--------+--------+-----+--------+

Top non-repeatable levels by time:
     D:2: 1079 daAuts
     D:3: 1078 daAuts
     D:5: 964 daAuts
     D:6: 753 daAuts
 Ossuary: 665 daAuts
     D:4: 641 daAuts
     D:7: 600 daAuts
     D:1: 376 daAuts
  Temple: 285 daAuts
